 Dungeon Crawl Stone Soup version 0.31-a0-986-g5e6e4ef867 (webtiles) character file.

Game seed: 7315314937409133600

177 jasper the Changeling (level 5, 0/37 HPs)
             Began as a Demonspawn Shapeshifter on Nov 20, 2023.
             Was an Initiate of Yredelemnul.
             Killed by nerve-wracking pain
             ... invoked by an orc priest
              (13 damage)
             ... on level 3 of the Dungeon.
             The game lasted 00:03:51 (1852 turns).

jasper the Changeling (Demonspawn Shapeshifter)     Turns: 1852, Time: 00:03:52

Health: 0/37       AC:  3    Str: 14    XL:     5   Next: 31%
Magic:  5/5        EV: 11    Int: 11    God:    Yredelemnul [......]
Gold:   208        SH:  5    Dex: 15    Spells: 4/4 levels left

rFire   . .          .
                       - Unarmed
rCold   . . .        n - +1 buckler
rNeg    . . .        h - +0 leather armour
rPois   .            (helmet currently unavailable)
rElec   .            (cloak currently unavailable)
rCorr   .            (gloves currently unavailable)
SInv    .            (boots currently unavailable)
Will    .....        (no amulet)
Stlth   +            (no ring)
HPRegen 0.26/turn    (no ring)
MPRegen 0.09/turn

%: no passive effects
@: beast-form
A: beast (slay +2), demonic touch 1
a: Begin Untransformation, Renounce Religion, Recall Undead Harvest


You were on level 3 of the Dungeon.
You worshipped Yredelemnul.
Yredelemnul was noncommittal.
You were a hulking beast.
You visited 1 branch of the dungeon, and saw 3 of its levels.

You collected 208 gold pieces.

Inventory:

Missiles
 e - 2 curare-tipped darts
 o - 6 boomerangs
Armour
 a - a +0 animal skin
 g - a +0 pair of gloves
 h - a +0 leather armour (worn)
 k - a +0 helmet
 n - a +1 buckler (worn)
Talismans
 c - a beast talisman
 d - a flux talisman
Scrolls
 i - a scroll of torment
 m - a scroll of enchant armour
Potions
 b - a potion of lignification
 f - 2 potions of curing
 j - 2 potions of berserk rage {unknown}
 l - 2 potions of brilliance {unknown}
 p - a potion of enlightenment {unknown}


   Skills:
 - Level 1.0 Fighting
 - Level 1.7 Dodging
 - Level 2.6 Unarmed Combat
 + Level 5.2 Shapeshifting


You had 4 spell levels left.
You didn't know any spells.
Your spell library contained the following spells:

 Spells                   Type           Power      Damage    Failure   Level
 Ensorcelled Hibernation  Hex/Ice        0%         N/A       67%         2
 Momentum Strike          Conj/Tloc      0%         3d8       67%         2
 Passwall                 Tmut/Erth      0%         N/A       67%         2
 Sublimation of Blood     Necr           0%         N/A       67%         2
 Wereblood                Tmut           0%         N/A       67%         2
 Swiftness                Air            0%         N/A       88%         3
 Summon Hydra             Summ           0%         N/A       100%        7


Dungeon Overview and Level Annotations

Branches:
Dungeon (3/15)

Altars:
Trog
Yredelemnul


Innate Abilities, Weirdness & Mutations

You are a hulking beast.
Your limbs bulge with bestial killing power. (Slay +2)
Your touch may inflict minor irresistible damage on your foes.


Message History

You barely miss the jackal.
The jackal is heavily wounded.
The jackal pauses to sniff the ground.
The jackal bites you but does no damage. x2
You closely miss the jackal.
The jackal is heavily wounded.
The jackal bites you but does no damage.
You hit the jackal.
You kill the jackal!
The dead are walking!
The orc priest completely misses your jackal zombie.
You swap places.
The goblin hits you with a +0 dagger.
* * * LOW HITPOINT WARNING * * *
You block the orc priest's attack.
You see here a +0 club.
You take 2 damage, and have 11/37 hp.
You hit the orc priest.
The orc priest is moderately wounded.
The goblin hits you but does no damage. The orc priest completely misses you.
You swap places.
Your jackal zombie barely misses the orc priest.
The orc priest barely misses your jackal zombie.
The goblin hits your jackal zombie with a +0 dagger.
Things that are here:
a +0 dagger of speed; a +0 robe; a +0 hand axe Your jackal zombie barely misses the orc priest.
Something hits your jackal zombie.
The orc priest hits your jackal zombie with a +0 dagger.
Your jackal zombie is destroyed!
You see here a +0 club.
The orc priest begins to cast a cantrip, but forgets the words!
Throw: 3 darts (curare)
Press: ? - help, Shift-Dir - straight line, f - orc priest
Aim: an orc priest, wielding a +0 dagger and wearing a +0 ring mail (moderately wounded, 63% to hit)
You throw a curare-tipped dart.
The curare-tipped dart barely misses the orc priest.
The orc priest calls down the wrath of Beogh upon you.
Pain shoots through your body!
You die...
Your body rises from the dead as a mindless zombie.

.. #####.##########
.. #...##....[#
###........####.
#.............
#.............
#............. ###
#...........o. #)##
#..Z..W.#####
##h###....ZZo...# #
#)##.....Z...)....
#.##)#.#########o###
#.#)#.# .. #.o..# $.
#...### > #....#..
.....#...#
...#.....#


You could see an orc priest.

Vanquished Creatures
  Jessica (D:2)
  An orc wizard (D:3)
  An adder (D:3)
  A worm (D:3)
  3 dart slugs
  4 ball pythons (D:2)
  2 bats (D:1)
  4 endoplasms
  2 giant cockroaches (D:2)
  4 goblins
  4 hobgoblins
  7 jackals
  3 quokkas
  2 frilled lizards (D:1)
  4 kobolds
  5 rats
48 creatures vanquished.

Vanquished Creatures (collateral kills)
  An orc priest (D:3)
  Natasha (D:3)
  An orc (D:3)
  A hobgoblin (D:3)
  A kobold (D:3)
5 creatures vanquished.

Vanquished Creatures (others)
  A hound zombie (D:3)
  A worm zombie (D:3)
  An adder zombie (D:3)
  A felid zombie (D:3)
  A ball python zombie (D:3)
  2 jackal zombies (D:3)
  A rat zombie (D:3)
8 creatures vanquished.

Grand Total: 61 creatures vanquished

Notes
Turn   | Place    | Note
-------+----------+-------------------------------------------
     0 | D:1      | jasper the Demonspawn Shapeshifter began the quest for the
                  | Orb.
     0 | D:1      | Reached XP level 1. HP: 15/15 MP: 1/1
   117 | D:1      | Reached skill level 3 in Shapeshifting
   273 | D:1      | Gained mutation: Your touch may inflict minor irresistible
                  | damage on your foes. [demonic ancestry]
   273 | D:1      | Reached XP level 2. HP: 21/21 MP: 2/2
   663 | D:2      | Identified the of Alerph
   944 | D:2      | Reached XP level 3. HP: 26/26 MP: 3/3
  1028 | D:2      | Found a bloodstained altar of Trog.
  1264 | D:2      | Noticed Jessica
  1268 | D:2      | Killed Jessica
  1269 | D:2      | Reached skill level 4 in Shapeshifting
  1269 | D:2      | Reached XP level 4. HP: 32/32 MP: 4/4
  1612 | D:3      | Found a faded altar of an unknown god.
  1649 | D:3      | Prayed at the altar of an unknown god.
  1649 | D:3      | Became a worshipper of Yredelemnul the Dark
  1649 | D:3      | Reached * piety under Yredelemnul
  1746 | D:3      | Reached ** piety under Yredelemnul
  1766 | D:3      | Noticed Natasha
  1782 | D:3      | Killed Natasha
  1793 | D:3      | Your ally Natasha died
  1835 | D:3      | Reached skill level 5 in Shapeshifting
  1835 | D:3      | Reached XP level 5. HP: 19/37 MP: 5/5
  1852 | D:3      | Killed from afar by an orc priest

Illustrated notes

Levels and vault maps discovered:
D:1:      scummos_arrival_hexagon, layout_basic
D:2:      wad_lake_hut, layout_loops_ring, basic_altar, kennysheep_jessica_study
D:3:      layout_basic, nzn_wu_jian_contemplation,
          chequers_ecumenical_altar_simple, roderic_batcave, minivault_4,
          hex_tiny, minmay_increasing_density, uniq_natasha, uniq_robin

Skill      XL: |  1  2  3  4 |
---------------+-------------+-----
Shapeshifting  | 3 4 5 |  5.2
Fighting       | |  1.0
Dodging        | |  1.7
Unarmed Combat | |  2.6

Action                     |  1- 3 |  4- 6 || total
---------------------------+-------+-------++-------
  Melee: Unarmed           |    91 |    53 ||   144
         Touch             |     9 |       ||     9
         Punch             |     2 |       ||     2
  Throw: Dart              |     1 |     1 ||     2
 Invoke: Dark Bargain      |       |     1 ||     1
    Use: Scroll            |     1 |     3 ||     4
         Potion            |       |     1 ||     1
   Stab: Sleeping          |     1 |       ||     1
 Armour: Animal skin       |    19 |       ||    19
         Leather armour    |    34 |    32 ||    66
  Dodge: Dodged            |    62 |    22 ||    84
  Block: Buckler           |       |    17 ||    17

Table legend: (Time is in decaauts)
 A = Elapsed time spent in this place.
 B = Non-inter-level travel time spent in this place.
 C = Inter-level travel time spent in this place.
 D = Time resting spent in this place.
 E = Time spent auto-exploring this place.
 F = Levels seen in this place.
 G = Mean time per level.
                   A        B        C        D        E       F      G
               +--------+--------+--------+--------+--------+-----+--------+
         Total |   1900 |   1838 |     62 |     48 |   1332 |   3 |  633.3 |
       Dungeon |   1900 |   1838 |     62 |     48 |   1332 |   3 |  633.3 |
               +--------+--------+--------+--------+--------+-----+--------+

Top non-repeatable levels by time:
     D:2: 975 daAuts
     D:1: 661 daAuts
     D:3: 263 daAuts
